 Dungeon Crawl Stone Soup version 0.22.1-2-g9c5b331 (webtiles) character file.

2870 Fang the Cleaver (level 9, -5/56 HPs)
             Began as a Gargoyle Berserker on Dec 13, 2018.
             Was an Elder of Trog.
             Killed by divine providence
             ... invoked by an orc priest
              (11 damage)
             ... on level 8 of the Dungeon.
             The game lasted 00:09:11 (7717 turns).

Fang the Cleaver (Gargoyle Berserker)               Turns: 7717, Time: 00:09:11

Health: -5/56      AC: 12    Str: 24    XL:     9   Next: 76%
Magic:  18/18      EV: 13    Int:  8    God:    Trog [****..]
Gold:   555        SH:  0    Dex:  9    Spells: 8/8 levels left

rFire    . . .     SeeInvis .   w - +0 war axe (curse)
rCold    . . .     Gourm    +   (no shield)
rNeg     + . .     Faith    .   D - +1 robe of Lies {-Cast +Blink Slay+6}
rPois    ∞         Spirit   .   (no helmet)
rElec    +         Reflect  .   (no cloak)
rCorr    .         Harm     .   (no gloves)
MR       .....     NoCast   +   y - +1 pair of boots
Stlth    ++........             q - amulet of the gourmand
HPRegen  0.18/turn              b - ring of flight
MPRegen  0.16/turn              a - ring of magical power

@: marked, berserk cooldown, slowed, very slow
A: negative energy resistance 1, electricity resistance, unbreathing,
petrification resistance, rot immunity, AC +6
a: Berserk, Trog's Hand, Brothers in Arms, Renounce Religion, Evoke Blink, Evoke
Flight


You were on level 8 of the Dungeon.
You worshipped Trog.
Trog was greatly pleased with you.
You were full.

You visited 2 branches of the dungeon, and saw 9 of its levels.

You collected 555 gold pieces.

Inventory:

Hand Weapons
 w - a cursed +0 war axe (weapon)
Armour
 t - a +0 chain mail
 y - a +1 pair of boots (worn)
 D - the +1 robe of Lies (worn) {-Cast +Blink Slay+6}
   (You found it on level 5 of the Dungeon)

   It affects your accuracy and damage with ranged weapons and melee attacks
   (+6).
   It lets you blink.
   It prevents spellcasting.
Jewellery
 a - a ring of magical power (right hand)
 b - a ring of flight (left hand)
 q - an amulet of the gourmand (around neck)
Wands
 n - a wand of acid (16)
 o - a wand of random effects (26)
 p - a wand of scattershot (6)
 u - a wand of flame (30)
 x - a wand of clouds (8)
 E - a wand of paralysis (32)
 F - a wand of polymorph (12)
Scrolls
 d - 3 scrolls of magic mapping {unknown}
 e - 3 scrolls of fog {unknown}
 h - 9 scrolls of identify {unknown}
 j - 5 scrolls of enchant armour {unknown}
 r - a scroll of noise {unknown}
 s - 3 scrolls of enchant weapon {unknown}
 v - 2 scrolls of blinking {unknown}
 C - a scroll of amnesia {unknown}
 H - a scroll of random uselessness {unknown}
 I - a scroll of teleportation {unknown}
 J - a scroll of remove curse {unknown}
Potions
 f - 6 potions of curing {unknown}
 g - a potion of ambrosia {unknown}
 i - a potion of berserk rage {unknown}
 k - a potion of resistance {unknown}
 l - 3 potions of heal wounds
 m - a potion of haste
 z - a potion of agility
 A - a potion of brilliance {unknown}
 B - a potion of might {unknown}
 G - a potion of magic {unknown}
Comestibles
 c - 14 rations


   Skills:
 + Level 6.7 Fighting
 + Level 8.9 Axes
 + Level 6.1 Armour
 + Level 4.4 Dodging
 + Level 2.9 Stealth


You had 8 spell levels left.
You didn't know any spells.
Your spell library was empty.

Dungeon Overview and Level Annotations

Branches:
Dungeon (8/15)             Temple (1/1) D:5
   Lair: D:8-11

Altars:
Ashenzari
Cheibriados
Dithmenos
Gozag
Kikubaaqudgha
Nemelex Xobeh
Okawaru
Ru
Sif Muna
Trog
Vehumet

Shops:
D:4 }


Innate Abilities, Weirdness & Mutations

You are resistant to torment.
Your stone body is resilient. (AC +6)
You are immune to poison.
You resist negative energy. (rN+)
You are resistant to electric shocks. (rElec)
You can survive without breathing.
You are immune to petrification.
You are immune to rotting.


Message History

Unknown command.
You miss the killer bee.
The killer bee is heavily wounded.
The killer bee closely misses you.
Unknown command.
You slice the killer bee!!
You kill the killer bee!
Trog accepts your kill.
You are no longer berserk.
You are exhausted.
You feel yourself slow down.
A steam dragon comes into view.
The killer bee barely misses you.
You closely miss the killer bee. The killer bee stings you.
* * * LOW HITPOINT WARNING * * *
The killer bee stings you.
* * * LOW HITPOINT WARNING * * *
The orc priest invokes the aid of Beogh against you.
Beogh smites you!
You die...

#.# #.# #.# #.# #.# #>#
#.# #.# #.# #.# #.###
##.## #.#
#....y#####...#######.#
....yoy@).D.....[.....#
####.######...#########
.........## ##########


You could see a steam dragon, 3 killer bees and an orc priest.

Vanquished Creatures
  Pikel (D:4)
  A hippogriff (D:8)
  Sigmund (D:3)
  3 slaves (D:4)
  A sky beast (D:6)
  2 ice beasts
  2 orc warriors
  2 phantoms
  2 black bears (D:7)
  2 centaurs
  A big kobold (D:8)
  A bullfrog (D:7)
  2 killer bees (D:8)
  A wight (D:8)
  3 crimson imps (D:7)
  A hound (D:7)
  A jelly (D:5)
  3 orc priests
  A centaur skeleton (D:6)
  A gnoll shaman (D:5)
  3 orc wizards
  Ijyb (D:3)
  An iguana (D:7)
  Natasha (twice) (D:2)
  3 worker ants
  A hound skeleton (D:4)
  Robin (D:2)
  8 gnolls
  4 adders
  3 oozes
  An adder skeleton (D:5)
  An adder zombie (D:5)
  A worm (D:2)
  2 dart slugs
  5 leopard geckos
  18 orcs
  8 giant cockroaches
  16 goblins
  7 hobgoblins
  3 jackals (D:2)
  2 quokkas
  2 ball pythons (D:3)
  5 bats
  5 frilled lizards
  9 kobolds
  2 leopard gecko skeletons (D:4)
  A quokka zombie (D:5)
  9 rats
156 creatures vanquished.

Vanquished Creatures (others)
  A fungus (D:8)
1 creature vanquished.

Grand Total: 157 creatures vanquished

Notes
Turn   | Place    | Note
-------+----------+-------------------------------------------
     0 | D:1      | Fang the Gargoyle Berserker began the quest for the Orb.
     0 | D:1      | Reached XP level 1. HP: 14/14 MP: 1/1
   226 | D:1      | Reached XP level 2. HP: 20/20 MP: 2/2
   883 | D:2      | Reached skill level 3 in Axes
   883 | D:2      | Reached XP level 3. HP: 21/24 MP: 3/3
   913 | D:2      | Reached ** piety under Trog
  1083 | D:2      | Found an ancient bone altar of Kikubaaqudgha.
  1083 | D:2      | Noticed Natasha
  1089 | D:2      | Killed Natasha
  1089 | D:2      | Reached XP level 4. HP: 21/29 MP: 4/4
  1444 | D:2      | Found a snail-covered altar of Cheibriados.
  1715 | D:2      | Noticed Robin
  1727 | D:2      | Killed Robin
  1834 | D:2      | Noticed Natasha
  1844 | D:2      | Killed Natasha
  1844 | D:2      | Reached XP level 5. HP: 21/33 MP: 5/5
  1963 | D:2      | Found a shadowy altar of Dithmenos.
  1964 | D:2      | Found an opulent altar of Gozag.
  1965 | D:2      | Found a sacrificial altar of Ru.
  1971 | D:2      | Found an iron altar of Okawaru.
  2054 | D:3      | Reached skill level 4 in Axes
  2059 | D:3      | Noticed Ijyb
  2089 | D:3      | Killed Ijyb
  2121 | D:3      | Reached skill level 1 in Stealth
  2303 | D:3      | Reached *** piety under Trog
  2852 | D:3      | Noticed Sigmund
  2870 | D:3      | Killed Sigmund
  2870 | D:3      | Reached XP level 6. HP: 32/39 MP: 6/6
  3664 | D:4      | Found a radiant altar of Vehumet.
  3690 | D:4      | Found a sparkling altar of Nemelex Xobeh.
  3708 | D:4      | Found Doogaff's Gadget Boutique.
  4218 | D:4      | Noticed a slave
  4218 | D:4      | Noticed a slave
  4218 | D:4      | Noticed Pikel
  4218 | D:4      | Noticed a slave
  4251 | D:4      | Killed a slave
  4251 | D:4      | Killed a slave
  4256 | D:4      | Killed a slave
  4270 | D:4      | Killed Pikel
  4270 | D:4      | Reached skill level 5 in Fighting
  4270 | D:4      | Reached skill level 5 in Axes
  4270 | D:4      | Reached skill level 5 in Armour
  4270 | D:4      | Reached XP level 7. HP: 15/44 MP: 7/7
  4270 | D:4      | Reached XP level 8. HP: 17/49 MP: 8/8
  4799 | D:5      | Entered Level 5 of the Dungeon
  5055 | D:5      | Found a staircase to the Ecumenical Temple.
  5191 | Temple   | Entered the Ecumenical Temple
  5229 | D:5      | Found a shattered altar of Ashenzari.
  5254 | D:5      | Reached skill level 6 in Axes
  5413 | D:5      | Found a sparkling altar of Nemelex Xobeh.
  5446 | D:5      | Got a heavy robe
  5457 | D:5      | Identified the +1 robe of Lies {-Cast +Blink Slay+6} (You
                  | found it on level 5 of the Dungeon)
  5798 | D:6      | Reached **** piety under Trog
  6238 | D:6      | Found a shadowy altar of Dithmenos.
  6255 | D:6      | Reached skill level 7 in Axes
  6302 | D:6      | Reached XP level 9. HP: 10/55 MP: 9/9
  6584 | D:6      | Found a deep blue altar of Sif Muna.
  6792 | D:7      | Found a bloodstained altar of Trog.
  7170 | D:7      | Reached skill level 8 in Axes
  7717 | D:8      | Killed from afar by an orc priest

Skill      XL: |  1  2  3  4  5  6  7  8  9 |
---------------+----------------------------+-----
Fighting       | 4 5 6 |  6.7
Axes           | 3 4 5 7 8 |  8.9
Dodging        | 2 3 4 |  4.4
Stealth        | 1 2 |  2.9
Armour         | 3 5 6 |  6.1

Action                   |  1- 3 |  4- 6 |  7- 9 || total
-------------------------+-------+-------+-------++-------
Melee: Hand axe          |    83 |   157 |       ||   240
       War axe           |       |    27 |   242 ||   269
Invok: Berserk           |     2 |     3 |     2 ||     7
 Stab: Sleeping          |       |       |     2 ||     2
  Eat: Chunk             |     2 |    24 |    17 ||    43
Armor: Animal skin       |    26 |     2 |       ||    28
       Ring mail         |       |    57 |       ||    57
       Chain mail        |       |    50 |    83 ||   133
       Robe              |       |       |    64 ||    64
Dodge: Dodged            |    58 |   133 |   135 ||   326
